 Dungeon Crawl Stone Soup version 0.20-b1-24-gb21faa7 (webtiles) character file.

151 Gorglomux the Ducker (level 5, -4/45 HPs)
             Began as a Minotaur Artificer on May 25, 2017.
             Was a Follower of Uskayaw.
             Killed from afar by an orc wizard (10 damage)
             ... with a magic dart
             ... on level 3 of the Dungeon.
             The game lasted 00:02:54 (2336 turns).

Gorglomux the Ducker (Minotaur Artificer)           Turns: 2336, Time: 00:02:55

Health: -4/45      AC:  3    Str: 16    XL:     5   Next: 11%
Magic:  6/6        EV: 13    Int:  8    God:    Uskayaw [*.....]
Gold:   125        SH:  0    Dex: 12    Spells: 4/4 levels left

rFire    . . .     SeeInvis .   O - +1 dagger (venom)
rCold    . . .     Gourm    .   (no shield)
rNeg     . . .     Faith    .   b - +0 leather armour
rPois    .         Spirit   .   (helmet restricted)
rElec    .         Reflect  .   (no cloak)
rCorr    .         Harm     .   (no gloves)
MR       .....                  (no boots)
Stlth    +.........             (no amulet)
Regen    0.2/turn               l - ring of flight
MPRegen  0.1/turn               (no ring)

@: no status effects
A: retaliatory headbutt, horns 2
a: Stomp, Renounce Religion, Evoke Flight


You were on level 3 of the Dungeon.
You worshipped Uskayaw.
Uskayaw was noncommittal.
You were hungry.

You visited 1 branch of the dungeon, and saw 3 of its levels.

You collected 125 gold pieces.

Inventory:

Hand Weapons
 a - a +0 short sword
 O - a +1 dagger of venom (weapon)
Missiles
 G - 114 stones (quivered)
Armour
 b - a +0 leather armour (worn)
Jewellery
 l - a ring of flight (left hand)
Wands
 c - a wand of flame (15/48)
 e - a wand of random effects (15/48)
 E - a wand of enslavement (15/24)
Scrolls
 H - 2 scrolls of teleportation {unknown}
 N - a scroll of identify {unknown}
 Q - 3 scrolls of remove curse {unknown}
 S - a scroll of enchant weapon {unknown}
Potions
 F - a potion of degeneration {unknown}
 I - a potion of might {unknown}
 K - 2 potions of resistance {unknown}
 L - a potion of brilliance {unknown}
 M - a potion of heal wounds {unknown}
 P - a potion of haste {unknown}
 T - a potion of mutation {unknown}
 U - a potion of invisibility {unknown}
Comestibles
 f - 3 bread rations
 z - a meat ration


   Skills:
 + Level 3.4 Fighting
 - Level 1.1 Short Blades
 + Level 2.9 Armour
 + Level 3.8 Dodging
 - Level 0.7 Stealth
 + Level 0.4 Invocations
 - Level 2.6 Evocations


You had 4 spell levels left.
You didn't know any spells.

Dungeon Overview and Level Annotations

Branches:
Dungeon (3/15)

Altars:
Ashenzari
Uskayaw
The Shining One


Innate Abilities, Weirdness & Mutations

You reflexively headbutt those who attack you in melee.
You have a pair of horns on your head.


Message History

You headbutt the rat.
You kill the rat!
You hit the orc.
The orc is poisoned.
The orc is lightly wounded.
The orc barely misses you.
You hit the orc.
The orc looks as sick as possible!
Your headbutt misses the orc.
The orc is heavily wounded.
You kill the orc!
An orc wizard appears from thin air!
Reactivating autopickup.
You barely miss the orc wizard. Your headbutt misses the orc wizard.
The orc wizard gestures at you while chanting.
The magic dart hits you!
* * * LOW HITPOINT WARNING * * *
You hit the orc wizard. Your headbutt misses the orc wizard.
The orc wizard is lightly wounded.
The orc wizard gestures at you while chanting.
The magic dart hits you!
You die...

#..####.# ....
#..##...# ...
#.......#
##.##.#.#
#......#
####.### #o#
#o# ##@##
#########
#.#.###........
##......#######
########


You could see an orc wizard and an orc.

Vanquished Creatures
  Jessica (D:2)
  Terence (D:2)
  A gnoll (D:1)
  2 adders
  2 worms (D:2)
  A dart slug (D:1)
  A leopard gecko (D:2)
  7 orcs
  A ball python (D:2)
  4 giant cockroaches (D:1)
  6 goblins
  6 hobgoblins
  2 jackals (D:1)
  A quokka (D:2)
  5 bats
  5 frilled lizards
  7 kobolds
  4 rats
57 creatures vanquished.

Notes
Turn   | Place    | Note
-------+----------+-------------------------------------------
     0 | D:1      | Gorglomux the Minotaur Artificer began the quest for the Orb.
     0 | D:1      | Reached XP level 1. HP: 16/16 MP: 1/1
   308 | D:1      | Reached XP level 2. HP: 20/23 MP: 3/3
   422 | D:1      | Reached skill level 1 in Armour
   907 | D:1      | Reached XP level 3. HP: 26/29 MP: 4/4
  1161 | D:1      | Reached skill level 3 in Dodging
  1609 | D:2      | Noticed Terence
  1615 | D:2      | Killed Terence
  1615 | D:2      | Reached XP level 4. HP: 34/37 MP: 5/5
  1656 | D:2      | Found a shattered altar of Ashenzari.
  1715 | D:2      | Reached skill level 3 in Fighting
  1723 | D:2      | Noticed a hand axe
  1724 | D:2      | Noticed a hand axe
  1726 | D:2      | Found a hide-covered altar of Uskayaw.
  1741 | D:2      | Noticed Jessica
  1746 | D:2      | Killed Jessica
  1976 | D:2      | Became a worshipper of Uskayaw the Reveler
  2088 | D:2      | Found a glowing golden altar of the Shining One.
  2098 | D:2      | Reached * piety under Uskayaw
  2263 | D:3      | Reached XP level 5. HP: 41/45 MP: 6/6
  2336 | D:3      | Killed from afar by an orc wizard

Skill      XL: |  1  2  3  4 |
---------------+-------------+-----
Armour         | 1 2 |  2.9
Fighting       | 2 3 |  3.4
Dodging        | 3 |  3.8
Short Blades   | |  1.1
Stealth        | |  0.7
Invocations    | |  0.4
Evocations     | |  2.6

Action                   |  1- 3 |  4- 6 || total
-------------------------+-------+-------++-------
Melee: Short sword       |    36 |       ||    36
       Headbutt          |     9 |     6 ||    15
       Dagger            |    44 |    62 ||   106
Throw: Stone             |     8 |       ||     8
 Stab: Sleeping          |     1 |       ||     1
  Eat: Chunk             |     2 |     2 ||     4
Armor: Leather armour    |    29 |     8 ||    37
Dodge: Dodged            |    46 |    45 ||    91
